2188 views
Uploaded 2023-08-25 14:39:25
Game version 1.36 (6115)
14:59 long 4on4 ladder game on (8)RoyalGardens_S2_v1.2
Saved by DKnight
2188 views
Uploaded 2023-08-25 14:39:25
Game version 1.36 (6115)
14:59 long 4on4 ladder game on (8)RoyalGardens_S2_v1.2


103 units @ 16.1k
/ 2k
62 buildings @ 8.9k
/ 3k


x1)
| Scroll of Regeneration | 4 | 400 |
| Lesser Clarity Potion | 5 | 350 |
| Potion of Healing | 1 | 150 |
| Orb of Fire | 1 | 325 |
| Staff of Sanctuary | 1 | 250 |
| Potion of Mana | 1 | 200 |
| Scroll of Town Portal | 3 | 1050 |
| Tome of Retraining | 1 | 300 |
| Boots of Speed | 1 | 250 |
| total: | 18 | 3275g |
| Peasant | 13 | 975 | / | 0 |
| Footman | 12 | 1620 | / | 0 |
| Priest | 1 | 135 | / | 10 |
| Sorceress | 2 | 310 | / | 40 |
| Spell Breaker | 3 | 645 | / | 90 |
| Knight | 1 | 245 | / | 60 |
| Assassin | 2 | 500 | / | 60 |
| total: | 34 | 4430g | / | 260w |
| Scout Tower | 5 | 150 | / | 100 |
| Arcane Tower | 2 | 140 | / | 100 |
| Guard Tower | 2 | 140 | / | 100 |
| Altar of Kings | 1 | 180 | / | 50 |
| Barracks | 2 | 320 | / | 120 |
| Farm | 8 | 640 | / | 160 |
| Lumber Mill | 2 | 240 | / | 0 |
| Arcane Vault | 2 | 260 | / | 60 |
| Town Hall | 1 | 385 | / | 205 |
| Blacksmith | 2 | 280 | / | 120 |
| Arcane Sanctum | 2 | 300 | / | 280 |
| Keep | 1 | 320 | / | 210 |
| Castle | 1 | 360 | / | 210 |
| total: | 25 | 2755g | / | 1095w |
| 0:02 | Peasant |
| 0:08 | Altar of Kings |
| 0:10 | Peasant |
| 0:19 | Barracks |
| 0:25 | Peasant |
| 0:34 | Farm |
| 0:36 | Peasant |
| 0:53 | Peasant |
| 1:04 | Farm |
| 1:11 | Peasant |
| 1:20 | Footman |
| 1:20 | Footman |
| 1:20 | Footman |
| 1:26 | Peasant |
| 1:34 | Farm |
| 1:46 | Footman |
| 1:46 | Footman |
| 1:54 | Peasant |
| 2:09 | Footman |
| 2:10 | Summon Water Elemental |
| 2:16 | Peasant |
| 2:30 | Footman |
| 2:38 | Peasant |
| 2:49 | Brilliance Aura |
| 2:53 | Defend |
| 2:54 | Peasant |
| 3:14 | Lumber Mill |
| 3:29 | Arcane Vault |
| 4:12 | Town Hall |
| 4:16 | Scout Tower |
| 4:18 | Improved Lumber Harvesting |
| 4:37 | Summon Water Elemental |
| 4:45 | Arcane Tower |
| 5:05 | Keep |
| 5:13 | Scroll of Regeneration |
| 5:15 | Lesser Clarity Potion |
| 5:30 | Footman |
| 5:34 | Peasant |
| 5:36 | Scout Tower |
| 5:38 | Footman |
| 5:45 | Lesser Clarity Potion |
| 5:47 | Scroll of Regeneration |
| 6:04 | Guard Tower |
| 6:23 | Blacksmith |
| 6:28 | Lumber Mill |
| 6:40 | Farm |
| 6:47 | Scout Tower |
| 7:02 | Scout Tower |
| 7:04 | Scout Tower |
| 7:21 | Arcane Tower |
| 7:25 | Blacksmith |
| 7:28 | Advanced Lumber Harvesting |
| 7:57 | Brilliance Aura |
| 8:00 | Guard Tower |
| 8:01 | Farm |
| 8:02 | Farm |
| 8:35 | Footman |
| 8:37 | Scroll of Town Portal |
| 8:37 | Lesser Clarity Potion |
| 8:38 | Scroll of Regeneration |
| 8:43 | Lesser Clarity Potion |
| 8:46 | Iron Forged Swords |
| 8:48 | Arcane Sanctum |
| 8:52 | Storm Bolt |
| 8:54 | Iron Plating |
| 9:09 | Peasant |
| 9:17 | Assassin |
| 9:48 | Arcane Sanctum |
| 10:04 | Tome of Retraining |
| 10:04 | Retrain Hero |
| 10:04 | Boots of Speed |
| 10:38 | Castle |
| 10:47 | Scroll of Town Portal |
| 10:48 | Lesser Clarity Potion |
| 10:48 | Scroll of Regeneration |
| 10:57 | Footman |
| 10:58 | Priest |
| 10:59 | Sorceress |
| 10:59 | Priest Adept Training |
| 11:08 | Footman |
| 11:11 | Barracks |
| 11:35 | Arcane Vault |
| 11:38 | Sorceress |
| 12:21 | Spell Breaker |
| 12:38 | Assassin |
| 12:51 | Spell Breaker |
| 12:53 | Steel Forged Swords |
| 12:56 | Blizzard |
| 12:56 | Blizzard |
| 13:26 | Scroll of Town Portal |
| 13:26 | Potion of Healing |
| 13:30 | Animal War Training |
| 13:32 | Steel Plating |
| 13:48 | Orb of Fire |
| 13:49 | Staff of Sanctuary |
| 13:55 | Potion of Mana |
| 14:04 | Spell Breaker |
| 14:08 | Knight |
| 14:13 | Farm |
| 14:13 | Farm |
| Right click | 626 |
| Select group | 464 |
| Select | 281 |
| Build/train/purchase | 152 |
| Misc. action | 134 |
| Assign group | 58 |
| Chat | 27 |
| Use ability | 19 |
| Minimap ping | 16 |
| Item give/drop | 4 |



| Rod of Necromancy | 3 | 450 |
| Sacrificial Skull | 1 | 50 |
| Orb of Corruption | 1 | 375 |
| Scroll of Town Portal | 2 | 700 |
| Circlet of Nobility | 1 | 175 |
| total: | 8 | 1750g |
| Acolyte | 8 | 600 | / | 0 |
| Ghoul | 4 | 480 | / | 0 |
| Crypt Fiend | 11 | 2365 | / | 440 |
| Obsidian Statue | 2 | 400 | / | 70 |
| Goblin Shredder | 1 | 375 | / | 100 |
| total: | 26 | 4220g | / | 610w |
| Nerubian Tower | 1 | 100 | / | 20 |
| Spirit Tower | 1 | 145 | / | 40 |
| Graveyard | 1 | 215 | / | 0 |
| Crypt | 2 | 400 | / | 100 |
| Altar of Darkness | 1 | 180 | / | 50 |
| Ziggurat | 7 | 1050 | / | 350 |
| Tomb of Relics | 1 | 130 | / | 30 |
| Necropolis | 1 | 225 | / | 0 |
| Slaughterhouse | 1 | 140 | / | 135 |
| Halls of the Dead | 1 | 320 | / | 210 |
| Black Citadel | 1 | 325 | / | 230 |
| total: | 14 | 2340g | / | 665w |
| 0:02 | Acolyte |
| 0:09 | Graveyard |
| 0:10 | Crypt |
| 0:12 | Crypt |
| 0:18 | Acolyte |
| 0:41 | Altar of Darkness |
| 0:56 | Ziggurat |
| 1:14 | Ghoul |
| 1:23 | Tomb of Relics |
| 1:47 | Crypt Fiend |
| 1:58 | Ziggurat |
| 2:21 | Crypt Fiend |
| 2:43 | Rod of Necromancy |
| 2:52 | Death Coil |
| 3:04 | Crypt Fiend |
| 3:25 | Ziggurat |
| 3:33 | Unholy Aura |
| 3:37 | Crypt Fiend |
| 3:44 | Acolyte |
| 3:54 | Sacrificial Skull |
| 4:07 | Ghoul |
| 4:31 | Ziggurat |
| 4:52 | Acolyte |
| 4:52 | Acolyte |
| 4:52 | Acolyte |
| 5:10 | Death Coil |
| 5:17 | Ghoul |
| 5:17 | Ghoul |
| 5:42 | Acolyte |
| 5:48 | Goblin Shredder |
| 6:20 | Halls of the Dead |
| 6:27 | Crypt Fiend |
| 7:07 | Crypt Fiend |
| 7:08 | Creature Attack |
| 7:26 | Crypt Fiend |
| 7:26 | Crypt Fiend |
| 7:56 | Crypt Fiend |
| 8:00 | Rod of Necromancy |
| 8:14 | Necropolis |
| 8:14 | Ziggurat |
| 8:15 | Ziggurat |
| 8:21 | Scroll of Town Portal |
| 8:22 | Circlet of Nobility |
| 8:45 | Slaughterhouse |
| 8:47 | Burrow |
| 9:05 | Black Citadel |
| 9:18 | Scroll of Town Portal |
| 9:21 | Nerubian Tower |
| 9:33 | Unholy Aura |
| 9:47 | Crypt Fiend |
| 9:48 | Crypt Fiend |
| 9:50 | Rod of Necromancy |
| 9:59 | Impale |
| 10:28 | Spirit Tower |
| 11:04 | Obsidian Statue |
| 11:30 | Acolyte |
| 11:38 | Destroyer Form |
| 11:38 | Obsidian Statue |
| 12:18 | Ziggurat |
| 12:28 | Frost Nova |
| 12:32 | Orb of Corruption |
| Right click | 585 |
| Select group | 435 |
| Select | 272 |
| Misc. action | 82 |
| Build/train/purchase | 70 |
| Use ability | 39 |
| Assign group | 28 |
| Minimap ping | 9 |
| Chat | 4 |
| Esc | 3 |
| Item give/drop | 2 |


| Rod of Necromancy | 4 | 600 |
| Potion of Healing | 4 | 600 |
| Potion of Mana | 1 | 200 |
| Scroll of Town Portal | 1 | 350 |
| total: | 10 | 1750g |
| Acolyte | 3 | 225 | / | 0 |
| Ghoul | 7 | 840 | / | 0 |
| Crypt Fiend | 5 | 1075 | / | 200 |
| Gargoyle | 1 | 175 | / | 30 |
| Obsidian Statue | 3 | 600 | / | 105 |
| total: | 19 | 2915g | / | 335w |
| Nerubian Tower | 3 | 300 | / | 60 |
| Ziggurat | 5 | 750 | / | 250 |
| Crypt | 1 | 200 | / | 50 |
| Graveyard | 1 | 215 | / | 0 |
| Altar of Darkness | 1 | 180 | / | 50 |
| Tomb of Relics | 1 | 130 | / | 30 |
| Slaughterhouse | 1 | 140 | / | 135 |
| Boneyard | 1 | 175 | / | 200 |
| Halls of the Dead | 1 | 320 | / | 210 |
| Black Citadel | 1 | 325 | / | 230 |
| total: | 11 | 1790g | / | 715w |
| 0:05 | Acolyte |
| 0:05 | Acolyte |
| 0:09 | Ziggurat |
| 0:13 | Crypt |
| 0:28 | Acolyte |
| 1:01 | Graveyard |
| 1:07 | Altar of Darkness |
| 1:16 | Ghoul |
| 1:27 | Ghoul |
| 1:44 | Ziggurat |
| 1:54 | Ghoul |
| 2:09 | Tomb of Relics |
| 2:18 | Nerubian Tower |
| 2:35 | Ghoul |
| 2:47 | Ziggurat |
| 2:56 | Ghoul |
| 3:11 | Rod of Necromancy |
| 3:15 | Death Coil |
| 4:26 | Halls of the Dead |
| 4:28 | Crypt Fiend |
| 4:31 | Nerubian Tower |
| 4:32 | Nerubian Tower |
| 4:35 | Unholy Aura |
| 5:03 | Crypt Fiend |
| 5:08 | Ziggurat |
| 5:29 | Creature Carapace |
| 5:30 | Crypt Fiend |
| 6:13 | Crypt Fiend |
| 6:14 | Creature Attack |
| 6:34 | Ziggurat |
| 6:56 | Death Coil |
| 7:19 | Black Citadel |
| 7:22 | Burrow |
| 7:58 | Slaughterhouse |
| 8:20 | Rod of Necromancy |
| 8:24 | Web |
| 8:44 | Gargoyle |
| 8:58 | Frost Nova |
| 9:00 | Potion of Healing |
| 9:17 | Obsidian Statue |
| 9:49 | Obsidian Statue |
| 9:50 | Destroyer Form |
| 10:04 | Potion of Healing |
| 11:31 | Boneyard |
| 11:32 | Improved Creature Carapace |
| 11:33 | Crypt Fiend |
| 11:55 | Potion of Healing |
| 11:56 | Rod of Necromancy |
| 12:07 | Obsidian Statue |
| 12:27 | Ghoul |
| 12:30 | Ghoul |
| 13:18 | Potion of Healing |
| 13:18 | Rod of Necromancy |
| 13:24 | Dark Ritual |
| 13:58 | Potion of Mana |
| 14:07 | Scroll of Town Portal |
| Right click | 306 |
| Select | 229 |
| Build/train/purchase | 77 |
| Use ability | 24 |
| Misc. action | 1 |



| Rod of Necromancy | 5 | 750 |
| Sacrificial Skull | 1 | 50 |
| Orb of Corruption | 1 | 375 |
| Scroll of Town Portal | 1 | 350 |
| total: | 8 | 1525g |
| Acolyte | 3 | 225 | / | 0 |
| Ghoul | 3 | 360 | / | 0 |
| Crypt Fiend | 13 | 2795 | / | 520 |
| Abomination | 4 | 960 | / | 280 |
| Obsidian Statue | 1 | 200 | / | 35 |
| total: | 24 | 4540g | / | 835w |
| Graveyard | 2 | 430 | / | 0 |
| Crypt | 1 | 200 | / | 50 |
| Altar of Darkness | 2 | 360 | / | 100 |
| Ziggurat | 5 | 750 | / | 250 |
| Tomb of Relics | 1 | 130 | / | 30 |
| Slaughterhouse | 1 | 140 | / | 135 |
| Halls of the Dead | 1 | 320 | / | 210 |
| Black Citadel | 2 | 650 | / | 460 |
| total: | 12 | 2010g | / | 565w |
| 0:01 | Acolyte |
| 0:05 | Graveyard |
| 0:07 | Graveyard |
| 0:11 | Crypt |
| 0:18 | Acolyte |
| 0:41 | Altar of Darkness |
| 0:57 | Ziggurat |
| 0:59 | Ziggurat |
| 1:12 | Ghoul |
| 1:12 | Ghoul |
| 1:24 | Tomb of Relics |
| 1:50 | Crypt Fiend |
| 2:01 | Ziggurat |
| 2:22 | Crypt Fiend |
| 2:48 | Rod of Necromancy |
| 3:00 | Death Coil |
| 3:01 | Ghoul |
| 3:01 | Crypt Fiend |
| 3:14 | Crypt Fiend |
| 3:40 | Halls of the Dead |
| 4:00 | Crypt Fiend |
| 4:11 | Unholy Aura |
| 4:26 | Crypt Fiend |
| 4:28 | Ziggurat |
| 4:30 | Creature Attack |
| 4:43 | Rod of Necromancy |
| 4:46 | Sacrificial Skull |
| 5:20 | Crypt Fiend |
| 5:37 | Ziggurat |
| 6:08 | Death Coil |
| 6:21 | Black Citadel |
| 6:31 | Burrow |
| 7:08 | Crypt Fiend |
| 7:10 | Rod of Necromancy |
| 7:12 | Frost Nova |
| 8:07 | Crypt Fiend |
| 8:12 | Slaughterhouse |
| 9:07 | Orb of Corruption |
| 9:49 | Rod of Necromancy |
| 9:51 | Crypt Fiend |
| 9:53 | Impale |
| 10:14 | Abomination |
| 10:32 | Obsidian Statue |
| 11:44 | Abomination |
| 12:12 | Altar of Darkness |
| 12:24 | Crypt Fiend |
| 12:26 | Abomination |
| 12:33 | Improved Creature Attack |
| 12:37 | Scroll of Town Portal |
| 12:43 | Acolyte |
| 12:56 | Crypt Fiend |
| 14:22 | Rod of Necromancy |
| 14:25 | Crypt Fiend |
| 14:26 | Abomination |
| Select group | 1051 |
| Right click | 851 |
| Select | 330 |
| Misc. action | 238 |
| Build/train/purchase | 76 |
| Assign group | 44 |
| Use ability | 27 |
| Minimap ping | 8 |
| Item give/drop | 2 |
| Remove unit | 1 |
| Esc | 1 |
117 units @ 15.2k
/ 1.8k
63 buildings @ 9.3k
/ 3.7k

| Scroll of Regeneration | 3 | 300 |
| Scroll of Town Portal | 2 | 700 |
| Scroll of Healing | 2 | 500 |
| Potion of Lesser Invulnerability | 1 | 150 |
| Boots of Speed | 1 | 250 |
| Rod of Necromancy | 3 | 450 |
| total: | 12 | 2350g |
| Peasant | 18 | 1350 | / | 0 |
| Rifleman | 7 | 1435 | / | 210 |
| Spell Breaker | 1 | 215 | / | 30 |
| total: | 26 | 3000g | / | 240w |
| Scout Tower | 2 | 60 | / | 40 |
| Arcane Tower | 2 | 140 | / | 100 |
| Farm | 8 | 640 | / | 160 |
| Blacksmith | 1 | 140 | / | 60 |
| Barracks | 2 | 320 | / | 120 |
| Altar of Kings | 1 | 180 | / | 50 |
| Arcane Vault | 1 | 130 | / | 30 |
| Town Hall | 2 | 770 | / | 410 |
| Lumber Mill | 1 | 120 | / | 0 |
| Arcane Sanctum | 2 | 300 | / | 280 |
| Keep | 1 | 320 | / | 210 |
| Castle | 1 | 360 | / | 210 |
| total: | 20 | 2660g | / | 1150w |
| 0:04 | Peasant |
| 0:04 | Peasant |
| 0:04 | Peasant |
| 0:34 | Farm |
| 0:36 | Peasant |
| 0:44 | Blacksmith |
| 0:51 | Peasant |
| 1:02 | Barracks |
| 1:03 | Peasant |
| 1:16 | Altar of Kings |
| 1:22 | Peasant |
| 1:40 | Peasant |
| 1:51 | Farm |
| 2:01 | Peasant |
| 2:09 | Barracks |
| 2:26 | Farm |
| 2:30 | Farm |
| 2:36 | Rifleman |
| 3:04 | Rifleman |
| 3:07 | Farm |
| 3:26 | Flame Strike |
| 3:34 | Rifleman |
| 3:45 | Farm |
| 3:47 | Farm |
| 3:56 | Rifleman |
| 4:02 | Arcane Vault |
| 4:27 | Scout Tower |
| 4:56 | Rifleman |
| 5:00 | Siphon Mana |
| 5:25 | Town Hall |
| 5:30 | Scout Tower |
| 5:39 | Peasant |
| 5:42 | Scroll of Regeneration |
| 6:21 | Arcane Tower |
| 6:24 | Peasant |
| 6:24 | Peasant |
| 6:36 | Scroll of Regeneration |
| 6:51 | Peasant |
| 7:03 | Peasant |
| 7:03 | Peasant |
| 7:14 | Keep |
| 7:33 | Flame Strike |
| 8:03 | Rifleman |
| 8:19 | Peasant |
| 8:19 | Peasant |
| 8:19 | Peasant |
| 8:51 | Farm |
| 8:52 | Arcane Tower |
| 8:54 | Lumber Mill |
| 8:56 | Scroll of Town Portal |
| 9:02 | Rod of Necromancy |
| 9:02 | Rod of Necromancy |
| 9:02 | Rod of Necromancy |
| 9:19 | Rifleman |
| 9:25 | Studded Leather Armor |
| 9:25 | Black Gunpowder |
| 10:28 | Potion of Lesser Invulnerability |
| 10:29 | Scroll of Healing |
| 10:43 | Boots of Speed |
| 10:51 | Scroll of Healing |
| 10:58 | Long Rifles |
| 11:25 | Arcane Sanctum |
| 12:19 | Arcane Sanctum |
| 12:28 | Scroll of Town Portal |
| 12:29 | Scroll of Regeneration |
| 13:01 | Town Hall |
| 13:26 | Siphon Mana |
| 13:39 | Spell Breaker |
| 14:45 | Castle |
| Right click | 668 |
| Select group | 327 |
| Select | 274 |
| Build/train/purchase | 117 |
| Use ability | 31 |
| Assign group | 22 |
| Misc. action | 13 |
| Chat | 13 |
| Item give/drop | 1 |
| Esc | 1 |
| Minimap ping | 1 |



| Healing Salve | 5 | 500 |
| Scroll of Speed | 2 | 100 |
| Lesser Clarity Potion | 4 | 280 |
| Potion of Healing | 1 | 150 |
| Potion of Mana | 1 | 200 |
| total: | 13 | 1230g |
| Peon | 10 | 750 | / | 0 |
| Troll Headhunter | 7 | 980 | / | 140 |
| Shaman | 7 | 910 | / | 140 |
| Troll Berserker | 4 | 560 | / | 80 |
| Troll Witch Doctor | 1 | 145 | / | 25 |
| total: | 29 | 3345g | / | 385w |
| Altar of Storms | 1 | 180 | / | 50 |
| Orc Burrow | 4 | 640 | / | 160 |
| War Mill | 1 | 205 | / | 0 |
| Barracks | 1 | 180 | / | 50 |
| Voodoo Lounge | 1 | 130 | / | 30 |
| Great Hall | 3 | 1155 | / | 555 |
| Spirit Lodge | 2 | 300 | / | 300 |
| Stronghold | 1 | 315 | / | 190 |
| Fortress | 1 | 325 | / | 190 |
| total: | 13 | 2790g | / | 1145w |
| 0:02 | Peon |
| 0:06 | Altar of Storms |
| 0:16 | Peon |
| 0:18 | Orc Burrow |
| 0:27 | Peon |
| 0:36 | Peon |
| 0:48 | War Mill |
| 0:56 | Barracks |
| 1:06 | Peon |
| 1:24 | Orc Burrow |
| 1:27 | Peon |
| 1:43 | Voodoo Lounge |
| 1:59 | Troll Headhunter |
| 2:08 | Peon |
| 2:12 | Endurance Aura |
| 2:20 | Troll Headhunter |
| 2:33 | Peon |
| 2:35 | Troll Headhunter |
| 2:48 | Stronghold |
| 2:57 | Healing Salve |
| 2:57 | Healing Salve |
| 3:05 | Troll Headhunter |
| 3:22 | Shockwave |
| 3:25 | Orc Burrow |
| 3:27 | Steel Ranged Weapons |
| 3:36 | Troll Headhunter |
| 3:43 | Scroll of Speed |
| 4:05 | Great Hall |
| 4:40 | Troll Headhunter |
| 5:00 | Shockwave |
| 5:01 | Troll Headhunter |
| 5:11 | Troll Regeneration |
| 5:12 | Fortress |
| 5:22 | Scroll of Speed |
| 5:22 | Healing Salve |
| 5:30 | Lesser Clarity Potion |
| 6:05 | Spirit Lodge |
| 6:43 | Hex |
| 7:12 | Lesser Clarity Potion |
| 7:12 | Lesser Clarity Potion |
| 7:15 | Potion of Healing |
| 7:16 | Lesser Clarity Potion |
| 7:21 | Potion of Mana |
| 7:26 | Healing Salve |
| 7:26 | Healing Salve |
| 7:33 | Shaman |
| 7:34 | Shaman Adept Training |
| 7:38 | Berserker Upgrade |
| 7:52 | Endurance Aura |
| 7:54 | Great Hall |
| 8:39 | Healing Wave |
| 8:48 | Reinforced Defenses |
| 9:10 | Shaman Master Training |
| 9:10 | Shaman |
| 9:18 | Cluster Rockets |
| 9:28 | Great Hall |
| 10:02 | Orc Burrow |
| 10:44 | Shaman |
| 11:02 | Engineering Upgrade |
| 11:25 | Shaman |
| 11:28 | Spirit Lodge |
| 11:54 | Troll Berserker |
| 12:04 | Shaman |
| 12:23 | Shaman |
| 12:25 | Troll Berserker |
| 12:30 | Peon |
| 12:30 | Peon |
| 12:49 | Witch Doctor Adept Training |
| 12:51 | Thorium Ranged Weapons |
| 12:52 | Troll Berserker |
| 13:38 | Shockwave |
| 14:06 | Witch Doctor Master Training |
| 14:06 | Troll Witch Doctor |
| 14:06 | Shaman |
| 14:07 | Troll Berserker |
| 14:22 | Healing Wave |
| Select group | 1686 |
| Right click | 1104 |
| Select | 512 |
| Misc. action | 230 |
| Use ability | 87 |
| Build/train/purchase | 83 |
| Chat | 46 |
| Assign group | 38 |
| Minimap ping | 4 |
| Item give/drop | 3 |
| Esc | 2 |


| Rod of Necromancy | 2 | 300 |
| Lesser Clarity Potion | 2 | 140 |
| Scroll of Town Portal | 1 | 350 |
| total: | 5 | 790g |
| Acolyte | 3 | 225 | / | 0 |
| Ghoul | 4 | 480 | / | 0 |
| Crypt Fiend | 11 | 2365 | / | 440 |
| Obsidian Statue | 2 | 400 | / | 70 |
| total: | 20 | 3470g | / | 510w |
| Nerubian Tower | 1 | 100 | / | 20 |
| Crypt | 1 | 200 | / | 50 |
| Graveyard | 1 | 215 | / | 0 |
| Altar of Darkness | 1 | 180 | / | 50 |
| Ziggurat | 4 | 600 | / | 200 |
| Tomb of Relics | 2 | 260 | / | 60 |
| Slaughterhouse | 1 | 140 | / | 135 |
| Halls of the Dead | 2 | 640 | / | 420 |
| Black Citadel | 2 | 650 | / | 460 |
| total: | 10 | 1595g | / | 495w |
| 0:02 | Acolyte |
| 0:02 | Acolyte |
| 0:04 | Crypt |
| 0:32 | Graveyard |
| 0:56 | Altar of Darkness |
| 1:10 | Ghoul |
| 1:20 | Ghoul |
| 1:35 | Ziggurat |
| 2:27 | Ghoul |
| 2:52 | Crypt Fiend |
| 2:57 | Ziggurat |
| 3:00 | Nerubian Tower |
| 3:18 | Tomb of Relics |
| 3:22 | Tomb of Relics |
| 3:27 | Death Coil |
| 4:05 | Ghoul |
| 4:26 | Rod of Necromancy |
| 4:36 | Halls of the Dead |
| 4:56 | Crypt Fiend |
| 5:08 | Unholy Aura |
| 5:17 | Crypt Fiend |
| 5:55 | Crypt Fiend |
| 6:07 | Ziggurat |
| 6:37 | Death Coil |
| 6:59 | Burrow |
| 7:02 | Slaughterhouse |
| 7:37 | Web |
| 8:02 | Rod of Necromancy |
| 8:08 | Frost Nova |
| 8:23 | Crypt Fiend |
| 8:49 | Scroll of Town Portal |
| 9:00 | Acolyte |
| 9:13 | Ziggurat |
| 9:20 | Lesser Clarity Potion |
| 9:25 | Lesser Clarity Potion |
| 9:42 | Creature Attack |
| 10:33 | Crypt Fiend |
| 10:35 | Obsidian Statue |
| 10:46 | Crypt Fiend |
| 11:15 | Death Pact |
| 11:21 | Crypt Fiend |
| 11:37 | Dark Ritual |
| 11:53 | Crypt Fiend |
| 11:54 | Obsidian Statue |
| 12:37 | Creature Carapace |
| 12:37 | Improved Creature Attack |
| 14:05 | Improved Creature Carapace |
| 14:18 | Crypt Fiend |
| 14:20 | Crypt Fiend |
| 14:27 | Black Citadel |
| 14:29 | Frost Nova |
| Select group | 812 |
| Right click | 758 |
| Select | 221 |
| Misc. action | 111 |
| Build/train/purchase | 79 |
| Resource trade | 39 |
| Assign group | 31 |
| Use ability | 29 |
| Chat | 16 |
| Remove unit | 1 |


| Scroll of Regeneration | 2 | 200 |
| Lesser Clarity Potion | 3 | 210 |
| total: | 5 | 410g |
| Peasant | 22 | 1650 | / | 0 |
| Rifleman | 15 | 3075 | / | 450 |
| Mortar Team | 2 | 360 | / | 140 |
| Flying Machine | 3 | 300 | / | 90 |
| total: | 42 | 5385g | / | 680w |
| Scout Tower | 2 | 60 | / | 40 |
| Arcane Tower | 2 | 140 | / | 100 |
| Blacksmith | 1 | 140 | / | 60 |
| Barracks | 1 | 160 | / | 60 |
| Altar of Kings | 1 | 180 | / | 50 |
| Farm | 10 | 800 | / | 200 |
| Arcane Vault | 1 | 130 | / | 30 |
| Lumber Mill | 1 | 120 | / | 0 |
| Town Hall | 1 | 385 | / | 205 |
| Workshop | 2 | 280 | / | 280 |
| Keep | 2 | 640 | / | 420 |
| Castle | 1 | 360 | / | 210 |
| total: | 20 | 2255g | / | 925w |
| 0:01 | Peasant |
| 0:01 | Peasant |
| 0:14 | Peasant |
| 0:40 | Peasant |
| 0:49 | Blacksmith |
| 0:57 | Peasant |
| 1:03 | Barracks |
| 1:12 | Peasant |
| 1:18 | Altar of Kings |
| 1:20 | Farm |
| 1:26 | Farm |
| 1:29 | Peasant |
| 1:35 | Peasant |
| 2:03 | Rifleman |
| 2:07 | Farm |
| 2:14 | Rifleman |
| 2:48 | Rifleman |
| 2:53 | Farm |
| 3:10 | Rifleman |
| 3:19 | Holy Light |
| 3:49 | Devotion Aura |
| 3:58 | Rifleman |
| 4:00 | Farm |
| 4:02 | Arcane Vault |
| 4:04 | Peasant |
| 4:04 | Peasant |
| 4:27 | Peasant |
| 4:48 | Peasant |
| 4:49 | Lumber Mill |
| 4:59 | Rifleman |
| 5:00 | Farm |
| 5:23 | Holy Light |
| 5:39 | Town Hall |
| 5:44 | Scout Tower |
| 5:49 | Rifleman |
| 6:30 | Arcane Tower |
| 6:32 | Keep |
| 6:33 | Improved Lumber Harvesting |
| 6:49 | Rifleman |
| 7:09 | Rifleman |
| 7:14 | Scroll of Regeneration |
| 7:16 | Lesser Clarity Potion |
| 7:20 | Lesser Clarity Potion |
| 7:26 | Peasant |
| 7:27 | Peasant |
| 7:40 | Rifleman |
| 7:43 | Peasant |
| 7:43 | Peasant |
| 7:53 | Devotion Aura |
| 8:01 | Peasant |
| 8:01 | Peasant |
| 8:10 | Peasant |
| 8:13 | Rifleman |
| 8:15 | Black Gunpowder |
| 8:36 | Farm |
| 8:39 | Scout Tower |
| 9:15 | Long Rifles |
| 9:18 | Farm |
| 9:20 | Castle |
| 9:21 | Advanced Lumber Harvesting |
| 9:50 | Workshop |
| 9:55 | Peasant |
| 9:56 | Peasant |
| 9:56 | Peasant |
| 9:57 | Arcane Tower |
| 10:34 | Scroll of Regeneration |
| 10:34 | Lesser Clarity Potion |
| 10:44 | Rifleman |
| 11:21 | Siphon Mana |
| 11:51 | Workshop |
| 11:52 | Mortar Team |
| 11:52 | Fragmentation Shards |
| 12:09 | Refined Gunpowder |
| 12:13 | Farm |
| 12:39 | Flak Cannons |
| 12:49 | Farm |
| 13:19 | Flying Machine |
| 13:29 | Holy Light |
| 13:39 | Rifleman |
| 13:40 | Flying Machine |
| 13:53 | Flame Strike |
| 14:02 | Rifleman |
| 14:03 | Flying Machine |
| 14:04 | Mortar Team |
| 14:35 | Rifleman |
| Right click | 1530 |
| Select group | 525 |
| Select | 310 |
| Misc. action | 101 |
| Assign group | 93 |
| Build/train/purchase | 87 |
| Use ability | 40 |
| Chat | 11 |
| Minimap ping | 9 |
| Esc | 3 |
⇛